 Seeded DCSS version 0.24.0 (webtiles) character file.

Game seed: 12904354232074817611, levelgen mode: deterministic

1131 Auros the Spear-Bearer (level 8, -2/52 HPs)
             Began as a Merfolk Ice Elementalist on Apr 6, 2020.
             Was an Initiate of Vehumet.
             Slain by a slave (5 damage)
             ... led by Pikel
             ... on level 6 of the Dungeon.
             The game lasted 00:39:36 (7511 turns).

Auros the Spear-Bearer (Merfolk Ice Elementalist)   Turns: 7511, Time: 00:39:37

Health: -2/52      AC: 13    Str: 10    XL:     8   Next: 36%
Magic:  25/27      EV: 12    Int: 15    God:    Vehumet [......]
Gold:   226        SH:  0    Dex: 14    Spells: 17/20 levels left

rFire    . . .     SeeInvis .   r - +5 spear (vamp)
rCold    + . .     Gourm    .   (no shield)
rNeg     . . .     Faith    .   w - +3 leather armour {rC+}
rPois    .         Spirit   .   B - +0 helmet
rElec    .         Reflect  .   m - +2 cloak
rCorr    .         Harm     .   y - +1 pair of gloves
MR       .....                  K - +0 pair of boots
Stlth    ++........             k - amulet of the acrobat
HPRegen  0.17/turn              l - ring of magical power
MPRegen  0.20/turn              (no ring)

@: studying Spellcasting
A: change form in water, swift swim, stealthy swim
a: Renounce Religion


You were on level 6 of the Dungeon.
You worshipped Vehumet.
Vehumet was noncommittal.
You were hungry.

You visited 1 branch of the dungeon, and saw 7 of its levels.

You collected 226 gold pieces.

Inventory:

Hand Weapons
 h - a +0 dagger
 j - a -2 spear
 r - a +5 vampiric spear (weapon)
 H - a +0 trident
Missiles
 n - 24 arrows
 o - 8 curare-tipped darts
 q - 27 sling bullets
 u - 14 boomerangs
 Z - 69 stones (quivered)
Armour
 a - a +0 robe
 g - a +0 buckler
 m - a +2 cloak (worn)
 w - a +3 leather armour of cold resistance (worn)
 y - a +1 pair of gloves (worn)
 B - a +0 helmet (worn)
 G - a +3 leather armour
 K - a +0 pair of boots (worn)
Jewellery
 f - an uncursed amulet of guardian spirit {unknown}
 k - an amulet of the acrobat (around neck)
 l - a ring of magical power (left hand)
 x - a cursed -2 ring of evasion {unknown}
 D - an uncursed ring of flight {unknown}
 E - an uncursed ring of fire {unknown}
Wands
 d - a wand of clouds (5)
 s - a wand of scattershot (3)
Scrolls
 c - 3 scrolls of remove curse
 i - 4 scrolls of identify
 t - a scroll of teleportation
 C - a scroll of amnesia {unknown}
 F - 3 scrolls of magic mapping {unknown}
Potions
 b - a potion of cancellation {unknown}
 e - a potion of curing {unknown}
 p - a potion of degeneration {unknown}
 A - 4 potions of heal wounds
 J - a potion of mutation {unknown}
 L - a potion of magic {unknown}
Books
 v - a manual of Spellcasting
Comestibles
 z - 9 rations


   Skills:
 - Level 8.6 Polearms
 - Level 2.6 Dodging
 - Level 2.1 Stealth
 + Level 6.6 Spellcasting
 - Level 0.7 Conjurations
 + Level 6.9 Ice Magic


You had 17 spell levels left.
You knew the following spells:

 Your Spells              Type           Power        Failure   Level  Hunger
a - Freeze                Ice            ####         1%          1    None
b - Throw Frost           Conj/Ice       ###...       6%          2    None

Your spell library contained the following spells:

 Spells                   Type           Power        Failure   Level  Hunger
 Ozocubu's Armour         Chrm/Ice       ###.....     14%         3    ##.....
 Throw Icicle             Conj/Ice       ###.....     36%         4    ####...
 Summon Ice Beast         Ice/Summ       ###.....     41%         4    ####...


Dungeon Overview and Level Annotations

Branches:
Dungeon (7/15)             Temple (0/1) D:6

Altars:
Cheibriados
Kikubaaqudgha
Okawaru
Qazlal
Vehumet
Zin

Annotations:
D:3 3 runed translucent doors, Auros's ghost, amateur MfIE
D:6 Pikel


Message History

Casting: Freeze (safe; 1% risk of failure)
Confirm with . or Enter, or press ? or * to list all spells.
Aiming: Freeze (safe; 1% risk of failure)
Press: ? - help, Shift-Dir - straight line, f - Pikel
Aim: Pikel, wielding a +1 whip of electrocution and wearing a +0 robe (severely wounded)
You freeze Pikel!
Pikel is almost dead.
Pikel barely misses you. The slave hits you.
* * * LOW HITPOINT WARNING * * *
Casting: Freeze (safe; 1% risk of failure)
Confirm with . or Enter, or press ? or * to list all spells.
Aiming: Freeze (safe; 1% risk of failure)
Press: ? - help, Shift-Dir - straight line, f/p - Pikel
Aim: Pikel, wielding a +1 whip of electrocution and wearing a +0 robe (almost dead)
You freeze Pikel.
Pikel is almost dead.
Pikel hits you but does no damage.
You are electrocuted!
* * * LOW HITPOINT WARNING * * *
The slave hits you.
You die...

#.# #..# #.# # #.# #..# #.#
# #.# #..# ### #.### #.#
#..#######.###.##. ####
##..........<##.##. #_#
###.<######.....#.##. #.#
#.....# ##........##.
###.###...K.###.........##.
#≈...≈#..@.............###.
#≈...≈#..p..###.#..........
#≈...≈#.....# #............
#≈...≈###.### #####..#.####
#≈...≈###.#########..#.#
#≈...≈#..............#.#
#≈...≈#.######.###.###.# #
#≈...≈#.# #.#....☼#.# #
###.###.# #.#.....#.# #


You could see Pikel and a slave.

Vanquished Creatures
  A black bear (D:6)
  2 slaves (D:6)
  An ogre (D:6)
  An orc warrior (D:5)
  A scorpion (D:6)
  2 howler monkeys
  A bullfrog zombie (D:6)
  7 orc priests
  A centaur zombie (D:5)
  A bullfrog skeleton (D:4)
  5 orc wizards
  An iguana (D:4)
  2 worker ants (D:6)
  4 gnolls (D:4)
  7 adders
  An ooze (D:3)
  An adder zombie (D:5)
  2 worms
  A dart slug (D:4)
  4 leopard geckos
  18 orcs
  3 ball pythons
  7 giant cockroaches
  3 goblins
  10 hobgoblins
  5 jackals
  4 quokkas
  8 bats
  5 frilled lizards
  4 kobolds (D:1)
  A quokka skeleton (D:6)
  12 rats
  A rat zombie (D:6)
127 creatures vanquished.

Notes
Turn   | Place    | Note
-------+----------+-------------------------------------------
     0 | D:1      | Auros the Merfolk Ice Elementalist began the quest for the
                  | Orb.
     0 | D:1      | Reached XP level 1. HP: 13/13 MP: 3/3
   137 | D:1      | Reached XP level 2. HP: 13/19 MP: 0/5
   541 | D:1      | Learned a level 2 spell: Throw Frost
   653 | D:1      | Reached skill level 1 in Polearms
   899 | D:1      | Reached XP level 3. HP: 24/24 MP: 6/6
  1427 | D:1      | Reached skill level 2 in Polearms
  1787 | D:2      | Reached skill level 3 in Polearms
  2383 | D:3      | Reached XP level 4. HP: 30/30 MP: 7/7
  2483 | D:3      | Reached skill level 4 in Polearms
  2607 | D:2      | Reached skill level 5 in Polearms
  2754 | D:2      | Reached XP level 5. HP: 35/35 MP: 6/8
  3156 | D:3      | Found a runed translucent gate.
  3157 | D:3      | Found a runed translucent gate.
  3158 | D:3      | Found a runed translucent gate.
  3161 | D:3      | Noticed Auros's ghost (amateur MfIE)
  3324 | D:3      | Reached skill level 6 in Polearms
  3482 | D:4      | Reached skill level 7 in Polearms
  3482 | D:4      | Reached XP level 6. HP: 41/41 MP: 7/9
  3524 | D:4      | Found an iron altar of Okawaru.
  4054 | D:4      | Reached skill level 8 in Polearms
  4346 | D:4      | Found a snail-covered altar of Cheibriados.
  4421 | D:5      | Entered Level 5 of the Dungeon
  4550 | D:5      | Reached XP level 7. HP: 39/46 MP: 1/11
  4723 | D:5      | Found a glowing silver altar of Zin.
  4724 | D:5      | Found a radiant altar of Vehumet.
  5252 | D:6      | Found a staircase to the Ecumenical Temple.
  5445 | D:6      | Reached skill level 5 in Ice Magic
  5901 | D:6      | Found an ancient bone altar of Kikubaaqudgha.
  5928 | D:6      | Found a stormy altar of Qazlal.
  6030 | D:6      | Reached skill level 5 in Spellcasting
  6548 | D:6      | Reached XP level 8. HP: 52/52 MP: 16/16
  6701 | D:5      | Became a worshipper of Vehumet
  7399 | D:7      | Noticed Pikel
  7511 | D:6      | Slain by a slave

Levels and vault maps discovered:
D:1:      tarquinn_simple_flora_water_f, layout_basic
D:2:      layout_loops_corners
D:3:      layout_basic, gammafunk_ghost_necromancy, nrook_campfire,
          chequers_serial_rivers_large_a, patterned_corridor
D:4:      layout_rooms, okawaru_trees_2, lemuel_round_altar, first_ration,
          minmay_manual_mail
D:5:      kennysheep_big_flooded_room, layout_cave_pods,
          chequers_temple_overflow_statue_of_worship
D:6:      layout_loops_ring, lemuel_zombie_altar_kikubaaqudgha,
          minmay_temple_entry_stoned_glass, minmay_door_square,
          corexii_item_surrounded_by_moat, grunt_qazlal_clouds
D:7:      layout_basic, grunt_temple_overflow_forces_of_nature,
          lemuel_round_altar, uniq_joseph, uniq_pikel
